 Dungeon Crawl Stone Soup version 0.30.1-4-g462c640d31 (webtiles) character file.

Game seed: 7732387896043327977

2 Amplified the Sneak (level 1, -1/18 HPs)
             Began as a Demonspawn Delver on Sept 12, 2023.
             Slain by a hobgoblin
             ... wielding a +0 club
              (5 damage)
             ... on level 3 of the Dungeon.
             The game lasted 00:00:46 (310 turns).

Amplified the Sneak (Demonspawn Delver)              Turns: 310, Time: 00:00:47

Health: -1/18      AC:  3    Str: 12    XL:     1   Next: 25%
Magic:  1/1        EV: 11    Int: 11    God:
Gold:   32         SH:  0    Dex: 14    Spells: 0/0 levels left

rFire   . . .        a - +0 falchion
rCold   . . .        (no shield)
rNeg    . . .        b - +0 leather armour
rPois   .            (no helmet)
rElec   .            (no cloak)
rCorr   .            (no gloves)
SInv    .            (no boots)
Will    .....        (no amulet)
Stlth   ++           (no ring)
HPRegen 0.23/turn    (no ring)
MPRegen 0.07/turn

%: no passive effects
@: flying, hasted, very quick
A: no striking features
a: no special abilities


You were on level 3 of the Dungeon.
You visited 1 branch of the dungeon, and saw 3 of its levels.

You collected 32 gold pieces.

Inventory:

Hand Weapons
 a - a +0 falchion (weapon)
Armour
 b - a +0 leather armour (worn)
Wands
 g - a wand of digging (3)
Scrolls
 c - 2 scrolls of fog
 d - a scroll of magic mapping
 e - 2 scrolls of fear
 i - a scroll of torment {unknown}


   Skills:
 * Level 3.1 Fighting
 - Level 1.7 Long Blades
 - Level 1.7 Dodging
 - Level 4.5 Stealth


You couldn't memorise any spells.
You didn't know any spells.
Your spell library contained the following spells:

 Spells                   Type           Power      Damage    Failure   Level
 Ignite Poison            Fire/Tmut/Pois 0%         N/A       80%         3
 Sticky Flame             Conj/Fire      0%         2d3       99%         4
 Ignition                 Fire           0%         3d3       100%        8


Dungeon Overview and Level Annotations

Branches:
Dungeon (5/15)
 Temple: D:4-7

Altars:

Shops:
D:4 :

Annotations:
D:5 Edmund


Message History

Found 7 stones.
You see here 13 gold pieces.
You now have 32 gold pieces (gained 13).
There is a stone staircase leading down here.
Found 5 stones.
You see here 5 stones.
A kobold and a hobgoblin come into view.
A kobold comes into view. It is wielding a +0 dagger.
The helpless kobold fails to defend itself.
You slash the kobold!
You kill the kobold!
A kobold comes into view. It is wielding a +0 club.
A kobold comes into view. It is wielding a +0 dagger.
The helpless hobgoblin fails to defend itself.
You hit the hobgoblin.
You punch the hobgoblin, but do no damage.
The hobgoblin is moderately wounded.
The hobgoblin completely misses you.
You hit the hobgoblin but do no damage.
The hobgoblin is moderately wounded.
The hobgoblin hits you but does no damage.
The hobgoblin attacks as you move away! The hobgoblin barely misses you.
The hobgoblin attacks as you move away!
The hobgoblin hits you but does no damage.
The hobgoblin attacks as you move away! The hobgoblin closely misses you.
You hit the hobgoblin.
The hobgoblin is heavily wounded.
The hobgoblin hits you with a +0 club.
You hit the hobgoblin.
The hobgoblin is almost dead.
The hobgoblin hits you with a +0 club. x2
You are too injured to fight recklessly!
You are too injured to fight recklessly!
It was a potion of flight.
You feel very buoyant.
You fly up into the air.
The hobgoblin hits you with a +0 club.
* * * LOW HITPOINT WARNING * * *
Unknown command.
You feel yourself speed up. The hobgoblin hits you with a +0 club.
You die...

... ... .. .. ###.
#.. #.# #@#
####### #g#
###...).###K# #
#...........# .
K....#####....# .#
.K. #≈~≈####.# .#
# # ~~~≈~~
#.##.#.#
~~~~~~~~##......#
###.~~~........###


You could see a hobgoblin and a kobold.

Vanquished Creatures
  A ball python (D:5)
  A kobold (D:3)
2 creatures vanquished.

Notes
Turn   | Place    | Note
-------+----------+-------------------------------------------
     0 | D:5      | Amplified the Demonspawn Delver began the quest for the
                  | Orb.
     0 | D:5      | Reached XP level 1. HP: 18/18 MP: 1/1
   141 | D:5      | Noticed Edmund
   175 | D:4      | Noticed a jelly
   226 | D:4      | Found Mimier's Book Shoppe.
   310 | D:3      | Slain by a hobgoblin

Illustrated notes

Levels and vault maps discovered:
D:3:      cheibrodos_thug_alley, layout_loops_ring, old_standard_altar,
          uniq_ijyb
D:4:      layout_basic, nicolae_vehumet_radiance, nicolae_stop_n_shop_1,
          grunt_ministairs_6
D:5:      layout_gridville, slow_altar_2, uniq_edmund

Action                     || total
---------------------------++-------
  Melee: Falchion          ||     6
         Punch             ||     1
    Use: Potion            ||     2
   Stab: Sleeping          ||     2
 Armour: Leather armour    ||     2
  Dodge: Dodged            ||     6
